 Dungeon Crawl Stone Soup version 0.27-a0-1177-g245c70e1c0 (webtiles) character file.

Game seed: 2319103376539088193

20386 Gorglomux the Slicer (level 12, -3/62 HPs)
             Began as a Vine Stalker Warper on May 16, 2021.
             Was a Priest of Uskayaw.
             Slain by a naga
             ... wielding a +0 short sword
              (4 damage)
             ... on level 2 of the Lair of Beasts.
             The game lasted 00:39:43 (15090 turns).

Gorglomux the Slicer (Vine Stalker Warper)         Turns: 15090, Time: 00:39:44

Health: -3/62      AC: 11    Str: 15    XL:     12   Next: 79%
Magic:  0/19       EV: 10    Int: 17    God:    Uskayaw [***...]
Gold:   940        SH:  0    Dex: 14    Spells: 2/19 levels left

rFire    . . .     SeeInvis .   b - +2 short sword (speed)
rCold    . . .     Faith    .   (no shield)
rNeg     . . .     Spirit   +   M - +0 troll leather armour
rPois    .         Reflect  .   (no helmet)
rElec    .         Harm     .   D - +2 cloak
rCorr    .         Rampage  .   k - +0 pair of gloves
Will     ++...                  i - +1 pair of boots
Stlth    +++.......             (no amulet)
HPRegen  2.20/turn              G - ring of willpower
MPRegen  0.16/turn              (no ring)

@: lethally poisoned (-3 -> -4), constricted
A: fangs 3, regeneration 1, magic shield, antimagic bite, no potion heal 2
a: Renounce Religion, Stomp, Line Pass


You were on level 2 of the Lair of Beasts.
You worshipped Uskayaw.
Uskayaw was noncommittal.
You visited 3 branches of the dungeon, and saw 15 of its levels.
You also visited: Sewer.

You collected 940 gold pieces.

Inventory:

Hand Weapons
 a - a +2 dagger of venom
 b - a +2 short sword of speed (weapon)
Missiles
 m - 64 poisoned darts (quivered)
 t - 18 boomerangs
 u - 4 silver boomerangs
 F - 8 curare-tipped darts
 J - 7 atropa-tipped darts
 K - 3 boomerangs of dispersal
 Z - a throwing net
Armour
 i - a +1 pair of boots (worn)
 k - a +0 pair of gloves (worn)
 D - a +2 cloak (worn)
 M - a +0 troll leather armour (worn)
 N - a scarf of shadows
Magical Staves
 O - a staff of cold {!a}
Jewellery
 g - a ring of resist corrosion
 E - a ring of fire
 G - a ring of willpower (left hand)
Wands
 A - a wand of acid (8)
 I - a wand of iceblast (3)
Scrolls
 c - a scroll of torment {unknown}
 d - 2 scrolls of magic mapping {unknown}
 f - 3 scrolls of enchant weapon {unknown}
 j - 2 scrolls of summoning {unknown}
 o - 2 scrolls of amnesia {unknown}
 p - 7 scrolls of teleportation
 q - a scroll of enchant armour {unknown}
 r - a scroll of silence {unknown}
 s - a scroll of fear {unknown}
 y - 3 scrolls of noise {unknown}
 z - a scroll of vulnerability {unknown}
 B - 2 scrolls of blinking
 P - a scroll of holy word {unknown}
 R - 2 scrolls of identify
 U - 3 scrolls of immolation {unknown}
Potions
 e - 2 potions of mutation
 h - 2 potions of magic
 l - 3 potions of flight
 n - 2 potions of invisibility
 v - 5 potions of brilliance
 w - 9 potions of ambrosia
 x - 2 potions of attraction
 C - a potion of lignification
 H - a potion of haste
 L - a potion of berserk rage
 Q - 4 potions of curing
 S - a potion of degeneration {unknown}
Miscellaneous
 T - a piece from Xom's chessboard (9/15)


   Skills:
 + Level 6.4 Fighting
 - Level 11.7 Short Blades
 - Level 0.8 Throwing
 - Level 4.0 Armour
 + Level 3.9 Dodging
 - Level 5.0 Stealth
 - Level 4.0 Spellcasting
 + Level 10.8 Translocations
 - Level 7.2 Invocations


You had 2 spell levels left.
You knew the following spells:

 Your Spells              Type           Power      Damage    Failure   Level
a - Gell's Gravitas       Tloc           20%        N/A       1%          3
b - Manifold Assault      Tloc           40%        N/A       6%          5
d - Blink                 Tloc           N/A        N/A       1%          2
e - Lesser Beckoning      Tloc           20%        N/A       1%          3
g - Apportation           Tloc           80%        N/A       1%          1
t - Teleport Other        Tloc           40%        N/A       1%          3

Your spell library contained the following spells:

 Spells                   Type           Power      Damage    Failure   Level
 Animate Skeleton         Necr           6%         N/A       19%         1
 Pain                     Necr           12%        1d4       19%         1
 Sandblast                Erth           6%         2d5       19%         1
 Passwall                 Tmut/Erth      2%         N/A       28%         2
 Stone Arrow              Conj/Erth      6%         3d7       50%         3
 Tukima's Dance           Hex            3%         N/A       50%         3
 Vampiric Draining        Necr           1%         2d6       50%         3
 Animate Dead             Necr           1%         N/A       88%         4
 Cause Fear               Hex            1%         N/A       88%         4
 Petrify                  Tmut/Erth      3%         N/A       88%         4
 Agony                    Necr           3%         N/A       99%         5
 Alistair's Intoxication  Tmut/Pois      2%         N/A       99%         5
 Bolt of Magma            Conj/Fire/Erth 1%         4d4       99%         5
 Iskenderun's Battlesphe  Conj           3%         2d6       99%         5
 Lee's Rapid Deconstruct  Erth           1%         3d5*      99%         5
 Silence                  Hex/Air        1%         N/A       99%         5
 Yara's Violent Unravell  Hex/Tmut       1%         3d3       99%         5
 Invisibility             Hex            3%         N/A       100%        6
 Iron Shot                Conj/Erth      1%         9d1       100%        6
 Orb of Destruction       Conj           1%         N/A       100%        7
 Spellforged Servitor     Conj/Summ      1%         N/A       100%        7
 Discord                  Hex            1%         N/A       100%        8


Dungeon Overview and Level Annotations

Branches:
Dungeon (12/15)            Temple (1/1) D:7            Lair (2/6) D:9
    Orc (0/2) D:11          Sewer (visited)
  Swamp: Lair:2-4    Shoals: Lair:2-4     Snake: Lair:2-4    Spider: Lair:2-4

Altars:
Ashenzari
Cheibriados
Dithmenos
Elyvilon
Fedhas
Gozag
Hepliaklqana
Kikubaaqudgha
Makhleb
Nemelex Xobeh
Okawaru
Qazlal
Ru
Sif Muna
Trog
Uskayaw
Vehumet
Wu Jian
Xom
Yredelemnul
Zin
The Shining One
Beogh

Annotations:
D:1 Terence
D:3 1 runed translucent door, Crazy Yiuf
D:9 2 runed translucent doors


Innate Abilities, Weirdness & Mutations

You have razor-sharp teeth.
Your natural rate of healing is unusually fast.
When hurt, damage is shared between your health and your magic reserves.
Your bite disrupts and absorbs the magic of your enemies.
Potions cannot restore your health.


Message History

You are more poisoned.
You feel sick.
You feel sick. The naga spits poison at you.
The splash of poison hits you but does no damage.
You are more poisoned.
Uskayaw prepares the audience for your solo!
You feel very sick.
You feel sick.
The naga is no longer paralysed.
You feel sick.
The naga is no longer paralysed.
The naga misses you.
You feel sick. The naga hits you with a +0 glaive!! The naga grabs you.
The naga constricts you.
You closely miss the naga. Your bite misses the naga.
The naga is lightly wounded.
You feel sick. The naga loses its grip on you.
You hit the naga.
The naga is moderately wounded.
You barely miss the naga. You bite the naga, but do no damage.
The naga is moderately wounded.
You barely miss the naga. You bite the naga. You drain its power.
You feel invigorated.
The naga is heavily wounded.
You feel sick.
You hit the naga. You bite the naga!
You kill the naga!
The naga hits you with a +0 short sword!
* * * LOW HITPOINT WARNING * * *
The naga misses you.
Uskayaw will force your foes to helplessly watch your dance.
You hit the naga. You bite the naga, but do no damage.
The naga is moderately wounded.
You feel sick.
You barely miss the naga.
The naga is moderately wounded.
You hit the naga. You bite the naga. You drain its power.
You feel invigorated.
The naga is moderately wounded.
The naga hits you with a +0 short sword!!
* * * LOW HITPOINT WARNING * * *
The naga grabs you. The naga constricts you.
Okay, then.
Okay, then.
Casting: Manifold Assault (dangerous; 6% risk of failure)
Confirm with . or Enter, or press ? or * to list all spells.
Okay, then.
Your system rejects the healing.
You feel better. The naga spits poison at you. The splash of poison hits you.
You are poisoned.
* * * LOW HITPOINT WARNING * * *
You die...

.....(....##..#..# #..##
.................####P.#
.............P...##.##.##
.................†......#
..............##.......##
...N...........#........#
......#######.##........#
.#..### ####.......##
.#### #@).....# ..#
#N....).# P#.....#
N..........# ##.#...#
...#........# . .# ....
..##.......## # .. #.. ##
#........ # #. #
#.......P# .. ........P#
..


You could see a naga (catching breath).

Vanquished Creatures
  2 boulder beetles (D:12)
  A two-headed ogre (D:11)
  Urug (Lair:1)
  Sonja (Lair:1)
  2 orc knights (D:10)
  3 deep elf pyromancers (D:12)
  An ugly thing (D:11)
  A cyclops (D:12)
  Maggie (Lair:1)
  3 komodo dragons
  A queen bee (Lair:2)
  3 trolls
  Prince Ribbit (D:6)
  3 blink frogs (Lair:1)
  Grinder (D:3)
  Sigmund (D:4)
  A vampire (D:11)
  3 shadows
  A wyvern (Lair:1)
  18 yaks
  Grum (Lair:1)
  4 vampire mosquitoes
  3 nagas (Lair:2)
  2 acid dragons (D:11)
  4 water moccasins
  An ice beast (D:5)
  2 sky beasts
  5 orc warriors
  A black bear (D:4)
  4 ogres
  2 necrophages
  9 wolves (Lair:1)
  4 centaurs
  2 phantoms (D:5)
  2 kobold brigands
  15 bullfrogs
  3 scorpions (D:6)
  30 killer bees
  5 howler monkeys
  A crimson imp (D:6)
  A jelly (D:6)
  3 orc priests
  A hound (D:6)
  2 bullfrog skeletons (D:6)
  3 gnoll shamans
  7 orc wizards
  3 iguanas
  A merfolk siren (Sewer)
  A merfolk avatar (Sewer)
  A hound skeleton (D:5)
  13 gnolls
  A howler monkey zombie (D:7)
  8 adders
  2 river rats (Sewer)
  2 shadow imps (D:7)
  A white imp (D:6)
  2 ufetubi
  4 worms
  2 dart slugs
  37 orcs
  4 endoplasms
  6 giant cockroaches
  8 goblins
  4 hobgoblins
  12 kobolds
  5 quokkas
  7 ball pythons
  5 bats
  6 frilled lizards
  27 rats
328 creatures vanquished.

Vanquished Creatures (others)
  13 fungi
  18 plants
  4 toadstools (D:9)
35 creatures vanquished.

Grand Total: 363 creatures vanquished

Notes
Turn   | Place    | Note
-------+----------+-------------------------------------------
     0 | D:1      | Gorglomux the Vine Stalker Warper began the quest for the
                  | Orb.
     0 | D:1      | Reached XP level 1. HP: 11/11 MP: 4/4
    28 | D:1      | Reached skill level 2 in Short Blades
   201 | D:1      | Reached XP level 2. HP: 14/15 MP: 4/6
   243 | D:1      | Learned a level 2 spell: Blink
   895 | D:1      | Reached skill level 3 in Short Blades
   950 | D:1      | Reached XP level 3. HP: 18/18 MP: 7/7
  1580 | D:2      | Gained mutation: Your natural rate of healing is unusually
                  | fast. [Vine Stalker growth]
  1580 | D:2      | Reached XP level 4. HP: 23/23 MP: 8/8
  1859 | D:3      | Noticed Terence
  2125 | D:3      | Reached skill level 4 in Short Blades
  2279 | D:3      | Noticed Grinder
  2279 | D:3      | Paralysed by Grinder for 4 turns
  2302 | D:3      | Paralysed by Grinder for 5 turns
  2313 | D:3      | Killed Grinder
  2314 | D:3      | Reached skill level 5 in Short Blades
  2314 | D:3      | Reached XP level 5. HP: 26/26 MP: 7/9
  2314 | D:3      | Reached XP level 6. HP: 30/30 MP: 7/10
  2470 | D:3      | Found a runed translucent door.
  2471 | D:3      | Noticed Crazy Yiuf
  2844 | D:3      | Reached skill level 6 in Short Blades
  2957 | D:4      | Noticed a black bear
  2976 | D:4      | Killed a black bear
  2977 | D:4      | Reached XP level 7. HP: 34/34 MP: 3/11
  3193 | D:4      | Reached skill level 7 in Short Blades
  3237 | D:4      | Found a glowing drain.
  3279 | Sewer    | Entered a sewer
  3878 | D:4      | Learned a level 3 spell: Gell's Gravitas
  3884 | D:4      | Learned a level 5 spell: Manifold Assault
  4262 | D:4      | Noticed Sigmund
  4306 | D:4      | Killed Sigmund
  4307 | D:4      | Reached skill level 8 in Short Blades
  4307 | D:4      | Gained mutation: You have razor-sharp teeth. [Vine Stalker
                  | growth]
  4307 | D:4      | Reached XP level 8. HP: 32/39 MP: 6/12
  4603 | D:5      | Entered Level 5 of the Dungeon
  4674 | D:5      | Reached skill level 3 in Fighting
  4937 | D:5      | Found a sparkling altar of Nemelex Xobeh.
  5444 | D:5      | Found a snail-covered altar of Cheibriados.
  5580 | D:5      | Reached skill level 9 in Short Blades
  5637 | D:6      | Reached XP level 9. HP: 47/47 MP: 13/13
  5817 | D:5      | Reached skill level 10 in Short Blades
  5988 | D:6      | Noticed Prince Ribbit
  6016 | D:6      | Killed Prince Ribbit
  6115 | D:6      | Reached skill level 11 in Short Blades
  6184 | D:6      | Found a hide-covered altar of Uskayaw.
  6699 | D:7      | Found a staircase to the Ecumenical Temple.
  6760 | Temple   | Entered the Ecumenical Temple
  6894 | D:6      | Became a worshipper of Uskayaw the Reveller
  6930 | D:7      | Reached * piety under Uskayaw
  6932 | D:7      | Reached ** piety under Uskayaw
  6938 | D:7      | Reached *** piety under Uskayaw
  7146 | D:7      | Reached XP level 10. HP: 51/51 MP: 14/14
  7155 | D:7      | Found a shimmering altar of Xom.
  7155 | D:7      | Found a burning altar of Makhleb.
  7161 | D:7      | Found a faded altar of an unknown god.
  7163 | D:7      | Found an iron altar of Okawaru.
  7165 | D:7      | Found a faded altar of an unknown god.
  7730 | D:8      | Reached skill level 1 in Armour
  8164 | D:8      | Reached skill level 3 in Spellcasting
  8247 | D:8      | Found a stormy altar of Qazlal.
  8469 | D:9      | Found a staircase to the Lair.
  8585 | D:9      | Found a runed translucent door.
  8585 | D:9      | Noticed a tengu warrior
  8585 | D:9      | Noticed a centaur warrior
  8586 | D:9      | Noticed a five-headed hydra
  8586 | D:9      | Noticed a necromancer
  8869 | D:9      | Found a broken altar of Ashenzari.
  8869 | D:9      | Found a shadowy altar of Dithmenos.
  8870 | D:9      | Found a bloodstained altar of Trog.
  8882 | D:9      | Found a hazy altar of Hepliaklqana.
  8909 | D:9      | Reached **** piety under Uskayaw
  8918 | D:9      | Reached ***** piety under Uskayaw
  9058 | D:9      | Noticed a skeletal warrior
  9059 | D:9      | Found a runed translucent door.
  9060 | D:9      | Noticed a centaur warrior
  9068 | D:9      | Noticed a rakshasa
  9068 | D:9      | Noticed a centaur warrior
  9069 | D:9      | Noticed a five-headed hydra
  9106 | D:8      | Reached skill level 3 in Armour
  9394 | D:10     | Entered Level 10 of the Dungeon
  9577 | D:10     | Found a basalt altar of Yredelemnul.
  9709 | D:10     | Reached skill level 1 in Stealth
 10008 | D:10     | Reached skill level 3 in Stealth
 10008 | D:10     | Reached skill level 6 in Translocations
 10024 | D:10     | Reached XP level 11. HP: 46/55 MP: 11/18
 10100 | D:10     | Found a glowing silver altar of Zin.
 10697 | D:11     | Noticed a red ugly thing
 10714 | D:11     | Killed a red ugly thing
 10715 | D:11     | Reached skill level 1 in Invocations
 10944 | D:11     | Noticed an orc knight
 11069 | D:10     | Killed an orc knight
 11178 | D:11     | Noticed an orc knight
 11239 | D:10     | Killed an orc knight
 11240 | D:10     | Reached skill level 3 in Invocations
 11350 | D:11     | Found a staircase to the Orcish Mines.
 11421 | D:11     | Learned a level 1 spell: Apportation
 11425 | D:11     | Learned a level 3 spell: Lesser Beckoning
 11429 | D:11     | Learned a level 3 spell: Teleport Other
 11839 | D:12     | Noticed a boulder beetle
 11865 | D:12     | Noticed a boulder beetle
 11885 | D:12     | Killed a boulder beetle
 11984 | D:12     | Noticed a four-headed hydra
 12066 | D:12     | Noticed a deep elf pyromancer
 12085 | D:12     | Killed a deep elf pyromancer
 12136 | D:12     | Noticed a deep elf pyromancer
 12165 | D:12     | Killed a deep elf pyromancer
 12185 | D:12     | Killed a boulder beetle
 12186 | D:12     | Reached skill level 9 in Translocations
 12475 | D:11     | Reached skill level 6 in Invocations
 12488 | D:12     | Noticed a two-headed ogre
 12519 | D:11     | Killed a two-headed ogre
 12520 | D:11     | Reached XP level 12. HP: 60/60 MP: 6/19
 13065 | D:12     | Found an ornate altar of the Wu Jian Council.
 13350 | Lair:1   | Entered Level 1 of the Lair of Beasts
 13381 | Lair:1   | Noticed Urug
 13393 | Lair:1   | Killed Urug
 13509 | Lair:1   | Noticed Grum
 13731 | Lair:1   | Noticed Sonja
 13746 | Lair:1   | Killed Sonja
 13867 | Lair:1   | Killed Grum
 14177 | Lair:1   | Noticed Maggie
 14204 | Lair:1   | Killed Maggie
 14205 | Lair:1   | Reached skill level 3 in Dodging
 14703 | Lair:2   | Reached skill level 6 in Fighting
 14720 | Lair:2   | Reached ****** piety under Uskayaw
 15089 | Lair:2   | HP: 1/62 [naga/+0 short sword (15)]
 15090 | Lair:2   | Slain by a naga

Illustrated notes

Levels and vault maps discovered:
D:1:      saegor_arrival_simple_a, layout_basic, minmay_cut_off
D:2:      layout_loops_ring, minmay_split_cup_small
D:3:      layout_basic, uniq_terence, uniq_grinder, uniq_crazy_yiuf_cottage
D:4:      layout_cave_pods, portal_sewer_entry_f, uniq_sigmund
D:5:      layout_cave_pools, nemelex_xobeh_ov_fountains_minmay,
          marbit_many_paths, serial_glass, glass_columns_b, glass_columns_a,
          item_on_display_a, minmay_strange_pillars, due_unseen_surprise,
          item_on_display_a
D:6:      layout_rooms, general_overflow_altar, minmay_fire_ice_demons,
          uniq_prince_ribbit1
D:7:      layout_loops_ring, chequers_temple_overflow_minitemple,
          minmay_temple_entry_ruins
D:8:      layout_basic, nicolae_overflow_hidden_temple, minmay_tree_intersection
D:9:      minmay_the_grid_triangle_9x9_rhombus_thin_mashed
          [minmay_the_grid_triangle_9x9_thin_v,
          minmay_the_grid_triangle_9x9_prize_special,
          minmay_the_grid_triangle_9x9_minimal,
          minmay_the_grid_triangle_9x9_fully_insulated_deathbox], layout_basic,
          nicolae_overflow_quartered_altars, lair_entry_dummy,
          minmay_gold_behind_fungi, st_stairs_14, unseen_surprise_small
D:10:     layout_roguey, kennysheep_mini_moat, amcnicky_altar_gilded,
          moated_statue, kennysheep_generic_room_6
D:11:     layout_cave_pools, david_orc_5
D:12:     layout_roguey, hex_medium, nzn_wu_jian_council_hall
Temple:   dpeg_three_leaves_temple
Lair:1:   layout_loops_ring, st_stairs_5, uniq_sonja, uniq_maggie, uniq_grum,
          uniq_urug
Lair:2:   layout_long_grid, minmay_snake_entry_guardpost_medium, special_room
          [special_room_bee]

Skill      XL: |  1  2  3  4  5  6  7  8  9 10 11 12 |
---------------+-------------------------------------+-----
Short Blades   | 2 3 5 6 8 9 11 | 11.7
Fighting       | 2 5 6 |  6.4
Armour         | 4 |  4.0
Spellcasting   | 4 |  4.0
Translocations | 6 9 10 | 10.8
Stealth        | 3 5 |  5.0
Invocations    | 6 7 |  7.2
Dodging        | 3 |  3.9
Throwing       | |  0.8

Action                   |  1- 3 |  4- 6 |  7- 9 | 10-12 || total
-------------------------+-------+-------+-------+-------++-------
Melee: Short sword       |   105 |    53 |   593 |   286 ||  1037
       Bite              |    26 |     7 |   159 |   249 ||   441
       Dagger            |       |       |       |   562 ||   562
       Mace              |       |       |       |    18 ||    18
       Scythe            |       |       |       |     4 ||     4
Throw: Boomerang         |     2 |       |    12 |     2 ||    16
       Dart              |       |    19 |    45 |    69 ||   133
 Cast: Blink             |       |     6 |     1 |     4 ||    11
       Gell's Gravitas   |       |       |       |    20 ||    20
       Manifold Assault  |       |       |       |    28 ||    28
       Teleport Other    |       |       |       |     1 ||     1
       Lesser Beckoning  |       |       |       |     1 ||     1
Invok: Stomp             |       |       |       |     2 ||     2
Evoke: Wand              |       |       |       |     6 ||     6
       Piece from Xom's  |       |       |       |    10 ||    10
  Use: Potion            |       |     4 |     2 |     4 ||    10
       Scroll            |       |       |       |     6 ||     6
 Stab: Sleeping          |       |       |     2 |     9 ||    11
       Invisible         |       |       |     2 |       ||     2
       Paralysed         |       |       |     1 |    11 ||    12
       Distracted        |       |       |       |     1 ||     1
Armor: Leather armour    |    27 |    14 |   101 |    53 ||   195
       Skin              |       |     8 |       |     3 ||    11
       Troll leather arm |       |       |       |   121 ||   121
Dodge: Dodged            |    48 |    29 |   197 |   267 ||   541

Table legend: (Time is in decaauts)
 A = Elapsed time spent in this place.
 B = Non-inter-level travel time spent in this place.
 C = Inter-level travel time spent in this place.
 D = Time resting spent in this place.
 E = Time spent auto-exploring this place.
 F = Levels seen in this place.
 G = Mean time per level.
                   A        B        C        D        E       F      G
               +--------+--------+--------+--------+--------+-----+--------+
         Total |  14346 |  13459 |    887 |    820 |   8933 |  16 |  896.6 |
       Dungeon |  12129 |  11266 |    863 |    708 |   7456 |  12 | 1010.8 |
        Temple |     80 |     65 |     15 |      0 |     65 |   1 |   80.0 |
          Lair |   1655 |   1647 |      8 |    112 |   1167 |   2 |  827.5 |
         Sewer |    480 |    480 |      0 |      0 |    244 |   1 |  480.0 |
               +--------+--------+--------+--------+--------+-----+--------+

Top non-repeatable levels by time:
    D:10: 1461 daAuts
  Lair:1: 1278 daAuts
     D:4: 1241 daAuts
    D:11: 1161 daAuts
     D:1: 1096 daAuts
    D:12: 1032 daAuts
     D:8: 974 daAuts
     D:9: 917 daAuts
     D:5: 916 daAuts
     D:3: 908 daAuts
     D:6: 845 daAuts
     D:2: 840 daAuts
     D:7: 731 daAuts
   Sewer: 480 daAuts
  Lair:2: 377 daAuts
